 Dungeon Crawl Stone Soup version 0.24-a0-282-g1a68c91 (webtiles) character file.

Game seed: 11201335004125350439

8213 MatthieuS the Slinger (level 11, 0/75 HPs)
             Began as a Halfling Hunter on May 2, 2019.
             Was an Elder of Okawaru.
             Killed from afar by an oklob plant (12 damage)
             ... with a splash of acid
             ... on level 1 of the Lair of Beasts.
             The game lasted 00:24:21 (10350 turns).

MatthieuS the Slinger (Halfling Hunter)            Turns: 10350, Time: 00:24:21

Health: 0/75       AC:  8    Str: 13    XL:     11   Next: 51%
Magic:  16/17      EV: 21    Int:  9    God:    Okawaru [****..]
Gold:   382        SH:  8    Dex: 19    Spells: 16/18 levels left

rFire    . . .     SeeInvis .   w - +1 hunting sling
rCold    + + .     Gourm    +   D - +1 buckler {rC+}
rNeg     . . .     Faith    .   u - +0 ring mail (curse)
rPois    .         Spirit   .   q - +2 helmet
rElec    .         Reflect  .   (no cloak)
rCorr    .         Harm     .   f - +0 pair of gloves
MR       .....                  (no boots)
Stlth    ++++++....             b - amulet of the gourmand
HPRegen  0.22/turn              i - ring of protection from cold
MPRegen  0.15/turn              k - ring of stealth

@: heroism, corroded
A: small, mutation resistance 1
a: Heroism, Renounce Religion


You were on level 1 of the Lair of Beasts.
You worshipped Okawaru.
Okawaru was greatly pleased with you.
You were very full.

You visited 2 branches of the dungeon, and saw 11 of its levels.

You collected 570 gold pieces.
You spent 188 gold pieces at shops.

Inventory:

Hand Weapons
 a - a +0 dagger of venom
   (You took it off an orc on level 10 of the Dungeon)
 w - a +1 hunting sling (weapon)
Missiles
 h - 93 stones
 E - 25 sling bullets (quivered)
Armour
 f - a +0 pair of gloves (worn)
   (You found it on level 4 of the Dungeon)
 q - a +2 helmet (worn)
   (You found it on level 2 of the Dungeon)
 u - a cursed +0 ring mail (worn)
   (You found it on level 4 of the Dungeon)
 D - a +1 buckler of cold resistance (worn)
   (You found it on level 9 of the Dungeon)
Magical Staves
 F - an uncursed staff of wizardry {!a}
   (You found it on level 9 of the Dungeon)
Jewellery
 b - an amulet of the gourmand (around neck)
   (You found it on level 10 of the Dungeon)
 i - a ring of protection from cold (left hand)
   (You found it on level 1 of the Dungeon)
 k - a ring of stealth (right hand)
   (You found it on level 1 of the Dungeon)
 B - an uncursed ring of flight
   (You found it on level 7 of the Dungeon)
Scrolls
 c - a scroll of fog
 m - 5 scrolls of teleportation {@r4}
 n - 7 scrolls of remove curse {@r2}
 p - 4 scrolls of identify {@r1}
 s - 4 scrolls of fear
 t - 2 scrolls of amnesia
 y - a scroll of blinking
 z - a scroll of random uselessness {unknown}
 C - 2 scrolls of enchant armour
 G - 2 scrolls of magic mapping
Potions
 g - 3 potions of heal wounds {@q2}
 j - 12 potions of curing {@q1}
 l - a potion of agility
 o - a potion of resistance
 r - 2 potions of lignification {!q}
 v - 2 potions of brilliance
 x - 2 potions of might
 A - 5 potions of flight
 H - 2 potions of berserk rage {unknown}
 I - a potion of magic {unknown}
Comestibles
 e - 20 rations


   Skills:
 + Level 7.2(12.2) Fighting
 + Level 13.9(18.9) Slings
 - Level 5.1(10.1) Armour
 - Level 5.7(10.7) Dodging
 + Level 6.7(11.7) Stealth
 + Level 2.7(7.7) Shields
 + Level 4.0 Spellcasting
 + Level 0.0 Hexes
 + Level 6.0 Invocations


You had 16 spell levels left.
You knew the following spells:

 Your Spells              Type           Power        Failure   Level  Hunger
a - Slow                  Hex            #.......     58%         2    ###....

Your spell library contained the following spells:

 Spells                   Type           Power        Failure   Level  Hunger
 Corona                   Hex            #......      43%         1    #......
 Summon Small Mammal      Summ           #...         45%         1    #......
 Call Imp                 Summ           #.......     58%         2    ###....
 Call Canine Familiar     Summ           #.......     83%         3    ###....
 Inner Flame              Hex/Fire       #.......     83%         3    ###....
 Portal Projectile        Hex/Tloc       #.....       83%         3    ###....
 Summon Guardian Golem    Hex/Summ       #.......     83%         3    ###....
 Cause Fear               Hex            #.........   99%         4    #####..
 Leda's Liquefaction      Hex/Erth       #.........   99%         4    #####..
 Summon Ice Beast         Ice/Summ       #.......     99%         4    #####..
 Summon Lightning Spire   Summ/Air       #.......     99%         4    #####..


Dungeon Overview and Level Annotations

Branches:
Dungeon (10/15)            Temple (0/1) D:6            Lair (1/6) D:8
    Orc (0/2) D:10

Altars:
Dithmenos
Elyvilon
Gozag
Kikubaaqudgha
Nemelex Xobeh
Okawaru
Qazlal
Ru
Sif Muna
Uskayaw
Wu Jian
Xom
Yredelemnul
Zin
The Shining One

Shops:
D:7 *

Portals:
Trove: D:10 (give +3 shadow dragon scales)

Annotations:
D:2 1 runed translucent door, Crazy Yiuf
D:7 1 runed translucent door, ShrewdGherkins's ghost, novice GnWz
Lair:1 exclusion: 2 oklob plants


Innate Abilities, Weirdness & Mutations

You are small and have problems with some larger weapons.
You are somewhat resistant to further mutation.


Message History

You shoot a sling bullet. The sling bullet hits the oklob plant.
Firing (i - inventory. (/) - cycle)
E - 37 sling bullets (quivered)
Aim: an oklob plant (lightly damaged)
You shoot a sling bullet.
The sling bullet hits the oklob plant but does no damage.
Firing (i - inventory. (/) - cycle)
E - 36 sling bullets (quivered)
Aim: an oklob plant (lightly damaged)
You shoot a sling bullet. The sling bullet hits the oklob plant.
Firing (i - inventory. (/) - cycle)
E - 35 sling bullets (quivered)
Aim: an oklob plant (lightly damaged)
You shoot a sling bullet. The sling bullet hits the oklob plant!
Firing (i - inventory. (/) - cycle)
E - 34 sling bullets (quivered)
Aim: an oklob plant (moderately damaged)
You shoot a sling bullet. The sling bullet hits the oklob plant!
Firing (i - inventory. (/) - cycle)
E - 33 sling bullets (quivered)
Aim: an oklob plant (severely damaged)
You shoot a sling bullet. The sling bullet hits the oklob plant.
Firing (i - inventory. (/) - cycle)
E - 32 sling bullets (quivered)
Aim: an oklob plant (severely damaged)
You shoot a sling bullet. The sling bullet hits the oklob plant.
The oklob plant spits acid at you. The splash of acid hits you.
You are splashed with acid!
Firing (i - inventory. (/) - cycle)
E - 31 sling bullets (quivered)
Aim: an oklob plant (severely damaged)
You shoot a sling bullet. The sling bullet hits the oklob plant.
Firing (i - inventory. (/) - cycle)
E - 30 sling bullets (quivered)
Aim: an oklob plant (severely damaged)
You shoot a sling bullet. The sling bullet hits the oklob plant!
Firing (i - inventory. (/) - cycle)
E - 29 sling bullets (quivered)
Aim: an oklob plant (almost destroyed)
You shoot a sling bullet.
The sling bullet hits the oklob plant but does no damage.
The oklob plant spits acid at you. The splash of acid hits you!!
* * * LOW HITPOINT WARNING * * *
The acid corrodes you!
You are splashed with acid!
* * * LOW HITPOINT WARNING * * *
Firing (i - inventory. (/) - cycle)
E - 28 sling bullets (quivered)
Aim: an oklob plant (almost destroyed)
You shoot a sling bullet. The sling bullet hits the oklob plant.
Firing (i - inventory. (/) - cycle)
E - 27 sling bullets (quivered)
Aim: an oklob plant (almost destroyed)
You shoot a sling bullet. The sling bullet hits the oklob plant.
Firing (i - inventory. (/) - cycle)
E - 26 sling bullets (quivered)
Aim: an oklob plant (almost destroyed)
You shoot a sling bullet.
The sling bullet hits the oklob plant but does no damage.
The oklob plant spits acid at you. The splash of acid hits you!
You die...

######## #.#.#..###
#######......P#
#####.#...........#
#P................#
##.##PP............
#...###...........#
##@###............P
#..# ###.........##
.(..# #P.........#
.......
###.......##
....(.... ##.....##
...(...... ##....#
.(.(P..... ##.(<#


PPPPP...... #####..## P....# #.#...## You could see an oklob plant.

Vanquished Creatures
  A two-headed ogre (D:9)
  An elephant (D:7)
  2 trolls
  A hornet (D:8)
  Grinder (D:3)
  Prince Ribbit (D:6)
  A hippogriff (D:7)
  Sigmund (D:2)
  Grum (D:9)
  A wyvern (D:10)
  A hungry ghost (D:4)
  2 wargs (D:10)
  2 water moccasins
  3 black bears
  3 orc warriors
  A sky beast (D:9)
  5 ice beasts
  9 ogres
  2 wolves (D:9)
  2 crocodiles
  2 centaurs
  8 bullfrogs
  A gnoll sergeant (D:6)
  A wyvern zombie (D:6)
  2 scorpions
  6 killer bees (D:9)
  3 howler monkeys
  5 crimson imps
  2 centaur zombies
  3 bullfrog zombies
  2 quasits
  6 hounds
  2 jellies
  4 orc priests
  2 centaur skeletons
  3 orc wizards
  Terence (D:2)
  2 iguanas
  Natasha (thrice) (D:4)
  7 worker ants
  3 hound skeletons
  A worker ant zombie (D:10)
  8 gnolls (D:6)
  2 howler monkey skeletons
  5 adders
  8 river rats (D:5)
  2 shadow imps
  3 oozes
  An adder skeleton (D:6)
  An adder zombie (D:9)
  2 worms
  A dart slug (D:5)
  7 leopard geckos
  30 orcs
  4 bats
  4 giant cockroaches
  9 goblins
  7 hobgoblins
  3 jackals (D:9)
  12 quokkas
  6 frilled lizards
  A giant cockroach zombie (D:5)
  6 kobolds
  A leopard gecko skeleton (D:5)
  28 rats
261 creatures vanquished.

Notes
Turn   | Place    | Note
-------+----------+-------------------------------------------
     0 | D:1      | MatthieuS the Halfling Hunter began the quest for the Orb.
     0 | D:1      | Reached XP level 1. HP: 14/14 MP: 1/1
    72 | D:1      | Reached skill level 6 in Slings
   166 | D:1      | Reached XP level 2. HP: 17/19 MP: 2/2
   648 | D:2      | Noticed Sigmund
   738 | D:2      | Reached XP level 3. HP: 24/24 MP: 3/3
   790 | D:2      | Killed Sigmund
   790 | D:2      | Reached skill level 8 in Slings
   790 | D:2      | Reached XP level 4. HP: 9/31 MP: 4/4
   790 | D:2      | Reached XP level 5. HP: 10/36 MP: 5/5
  1004 | D:2      | Reached XP level 6. HP: 42/42 MP: 6/6
  1008 | D:2      | Found a glowing golden altar of the Shining One.
  1108 | D:2      | Found Zin's Purification Station.
  1108 | D:2      | Found a glowing silver altar of Zin.
  1118 | D:2      | Bought a potion of curing for 90 gold pieces
  1149 | D:2      | Found a stormy altar of Qazlal.
  1169 | D:2      | Found a runed translucent door.
  1170 | D:2      | Noticed Crazy Yiuf
  1209 | D:2      | Noticed Terence
  1223 | D:2      | Killed Terence
  1223 | D:2      | Reached skill level 9 in Slings
  1554 | D:3      | Noticed Grinder
  1573 | D:3      | Killed Grinder
  1573 | D:3      | Reached skill level 10 in Slings
  1573 | D:3      | Reached XP level 7. HP: 33/48 MP: 7/7
  2146 | D:4      | Found a shadowy altar of Dithmenos.
  2188 | D:4      | Found a shimmering altar of Xom.
  2190 | D:4      | Found a shimmering altar of Xom.
  2191 | D:4      | Found a shimmering altar of Xom.
  2192 | D:4      | Found a shimmering altar of Xom.
  2218 | D:4      | Noticed a hungry ghost
  2229 | D:4      | Killed a hungry ghost
  2318 | D:4      | Found a sacrificial altar of Ru.
  2363 | D:4      | Reached skill level 11 in Slings
  2560 | D:4      | Found a shimmering altar of Xom.
  2566 | D:4      | Found a shimmering altar of Xom.
  2635 | D:4      | Noticed Natasha
  2642 | D:4      | Killed Natasha
  2642 | D:4      | Reached XP level 8. HP: 51/54 MP: 8/8
  2772 | D:4      | Noticed Natasha
  2785 | D:4      | Killed Natasha
  2808 | D:4      | Noticed Natasha
  2810 | D:4      | Killed Natasha
  2841 | D:5      | Entered Level 5 of the Dungeon
  2902 | D:5      | Found an iron altar of Okawaru.
  2915 | D:5      | Reached skill level 5 in Fighting
  2945 | D:5      | Became a worshipper of Warmaster Okawaru
  3126 | D:5      | Found an opulent altar of Gozag.
  3309 | D:5      | Reached skill level 1 in Armour
  3309 | D:5      | Reached skill level 1 in Invocations
  3641 | D:5      | Reached skill level 12 in Slings
  4077 | D:6      | Found an ancient bone altar of Kikubaaqudgha.
  4111 | D:6      | Reached * piety under Okawaru
  4111 | D:6      | Reached skill level 1 in Spellcasting
  4111 | D:6      | Reached XP level 9. HP: 56/61 MP: 10/10
  4584 | D:6      | Noticed Prince Ribbit
  4600 | D:6      | Killed Prince Ribbit
  4733 | D:6      | Found a staircase to the Ecumenical Temple.
  4735 | D:6      | Found a white marble altar of Elyvilon.
  4885 | D:6      | Found a deep blue altar of Sif Muna.
  5143 | D:7      | Found a glowing silver altar of Zin.
  5207 | D:7      | Reached ** piety under Okawaru
  5276 | D:7      | Noticed ShrewdGherkins's ghost (novice GnWz)
  5288 | D:7      | Found a runed translucent door.
  5417 | D:7      | Found a basalt altar of Yredelemnul.
  5473 | D:7      | Found Lunuqig's General Store.
  5477 | D:7      | Bought a scroll of teleportation for 42 gold pieces
  5477 | D:7      | Bought a scroll of identify for 28 gold pieces
  5477 | D:7      | Bought a scroll of fog for 28 gold pieces
  5621 | D:8      | Noticed a hippogriff
  5624 | D:8      | Noticed an elephant
  5864 | D:7      | Killed a hippogriff
  5864 | D:7      | Reached XP level 10. HP: 32/68 MP: 13/13
  6032 | D:7      | Killed an elephant
  6215 | D:8      | Found a staircase to the Lair.
  6401 | D:8      | Paralysed by a hornet for 1 turns
  6420 | D:8      | Reached *** piety under Okawaru
  6420 | D:8      | Reached skill level 5 in Dodging
  6425 | D:8      | Reached skill level 5 in Stealth
  6686 | D:8      | Reached skill level 13 in Slings
  7051 | D:9      | Found a hide-covered altar of Uskayaw.
  7391 | D:9      | Noticed a two-headed ogre
  7409 | D:9      | Killed a two-headed ogre
  7409 | D:9      | Received a gift from Okawaru
  7558 | D:9      | Noticed Grum
  7566 | D:9      | Killed Grum
  7566 | D:9      | Reached skill level 5 in Armour
  7665 | D:9      | Reached skill level 5 in Invocations
  7665 | D:9      | Reached XP level 11. HP: 74/74 MP: 16/16
  7892 | D:9      | Reached **** piety under Okawaru
  8056 | D:9      | Reached skill level 1 in Shields
  8578 | D:9      | Learned a level 2 spell: Slow
  8601 | D:9      | Found an ornate altar of the Wu Jian Council.
  8601 | D:9      | Found a sparkling altar of Nemelex Xobeh.
  8719 | D:10     | Entered Level 10 of the Dungeon
  8844 | D:10     | Received a gift from Okawaru
  8871 | D:10     | Found a staircase to the Orcish Mines.
  9698 | D:10     | Found a portal to a secret trove of treasure.
  9732 | D:10     | Received a gift from Okawaru
  9843 | Lair:1   | Entered Level 1 of the Lair of Beasts
  9850 | Lair:1   | Noticed an oklob plant
 10127 | Lair:1   | Noticed an oklob plant
 10350 | Lair:1   | Killed from afar by an oklob plant

Levels and vault maps discovered:
D:1:      dpeg_arrival_arbitrary_b, layout_basic
D:2:      layout_basic, old_standard_altar, zin_purify, grunt_qazlal_clouds,
          uniq_sigmund, uniq_crazy_yiuf_cottage, uniq_terence
D:3:      layout_basic, first_ration, st_stairs_1, uniq_grinder
D:4:      layout_basic, hangedman_ru_absence, lemuel_crystal_altar,
          hangedman_abyss_or_decor_stabs, xom_redecorated, uniq_natasha
D:5:      lemuel_ratsnest, layout_basic, overflow_temple_1_default,
          okawaru_trees_2, chequers_mini_garden, st_stairs_14,
          minmay_lizard_king
D:6:      layout_rooms, nicolae_overflow_hidden_temple,
          overflow_temple_1_default, lemuel_crystal_altar,
          minmay_temple_entry_butterflies, uniq_prince_ribbit1
D:7:      layout_loops_ring, nicolae_overflow_crystal_walls, basic_altar,
          hellmonk_ghost_happy_afterlife, serial_shops, shop
D:8:      layout_cave_pools, david_lair_generic
D:9:      layout_rooms, overflow_temple_1_default,
          amethyst_overflow_temple_binary, uniq_grum
D:10:     layout_irregular_city, erik_orc_4, enter_trove_2
Lair:1:   layout_cave_pods, disabler_island, grunt_megastairs_4,
          lemuel_fruit_tree

Skill      XL: |  1  2  3  4  5  6  7  8  9 10 11 |
---------------+----------------------------------+-----
Slings         | 6 8 10 11 12 13 | 13.9
Fighting       | 2 3 4 5 6 7 |  7.2
Armour         | 1 3 5 |  5.1
Invocations    | 1 3 5 6 |  6.0
Stealth        | 2 4 5 6 |  6.7
Dodging        | 3 4 5 |  5.7
Spellcasting   | 1 2 3 4 |  4.0
Shields        | 2 |  2.7

Action                   |  1- 3 |  4- 6 |  7- 9 | 10-12 || total
-------------------------+-------+-------+-------+-------++-------
 Fire: Hunting sling     |    66 |    74 |   525 |   784 ||  1449
Invok: Heroism           |       |       |     1 |    12 ||    13
Evoke: Wand              |       |       |       |     8 ||     8
  Use: Potion            |     1 |       |     2 |     1 ||     4
       Scroll            |       |       |    11 |     6 ||    17
  Eat: Chunk             |       |     2 |     9 |    25 ||    36
       Ration            |       |       |     1 |       ||     1
Armor: Leather armour    |       |     4 |     1 |       ||     5
       Ring mail         |       |       |    37 |    46 ||    83
Dodge: Dodged            |    12 |    10 |   135 |   188 ||   345
Block: Buckler           |       |       |       |    34 ||    34

Table legend:
 A = Non-vault XP
 B = Vault XP
 C = Vault XP percentage of total XP
 D = Non-vault monster count
 E = Vault monster count
 F = Vault count percentage of total count
                 A         B        C        D         E       F
            +---------+---------+-------+---------+---------+-------
      Total |    8815 |    2919 |  24.9 |     189 |      72 |  27.6
            +---------+---------+-------+---------+---------+-------
        D:1 |      24 |       0 |   0.0 |      16 |       0 |   0.0
        D:2 |      49 |     256 |  83.9 |      15 |       2 |  11.8
        D:3 |      38 |     272 |  87.7 |      15 |       4 |  21.1
        D:4 |     429 |      35 |   7.5 |       7 |       1 |  12.5
        D:5 |     453 |     273 |  37.6 |      10 |      42 |  80.8
        D:6 |     734 |     259 |  26.1 |      23 |       1 |   4.2
        D:7 |     583 |     845 |  59.2 |      11 |       3 |  21.4
        D:8 |    1540 |     107 |   6.5 |      22 |       1 |   4.3
        D:9 |    2971 |     425 |  12.5 |      40 |       3 |   7.0
       D:10 |    1847 |     447 |  19.5 |      29 |      15 |  34.1
     Lair:1 |     147 |       0 |   0.0 |       1 |       0 |   0.0
            +---------+---------+-------+---------+---------+-------
